 Dungeon Crawl Stone Soup version 0.26-a0-466-g989023bd0d (webtiles) character file.

Game seed: 10383063634528549600

5258 graki42 the Destroyer (level 10, -3/50 HPs)
             Began as a Deep Elf Conjurer on Aug 13, 2020.
             Killed by an exploding fulminant prism (30 damage)
             ... created by the player character
             ... on level 9 of the Dungeon.
             The game lasted 00:41:44 (10606 turns).

graki42 the Destroyer (Deep Elf Conjurer)          Turns: 10606, Time: 00:41:45

Health: -3/50      AC:  7    Str:  7    XL:     10   Next: 36%
Magic:  15/25      EV: 17    Int: 24    God:
Gold:   749        SH:  0    Dex: 13    Spells: 11/28 levels left

rFire    . . .     SeeInvis .   C - +0 trident "Transmigrator" {freeze, rC+}
rCold    + . .     Faith    .   (no shield)
rNeg     . . .     Spirit   .   B - +1 steam dragon scales
rPois    .         Reflect  .   v - +0 helmet
rElec    .         Harm     .   (no cloak)
rCorr    .                      (no gloves)
MR       ++...                  (no boots)
Stlth    ++........             (no amulet)
HPRegen  0.16/turn              d - ring of protection from magic
MPRegen  0.19/turn              l - +4 ring of evasion

@: lethally poisoned (-3 -> -25)
A: no striking features
a: no special abilities


You were on level 9 of the Dungeon.
You visited 2 branches of the dungeon, and saw 10 of its levels.
You also visited: Bailey.

You collected 879 gold pieces.
You spent 130 gold pieces at shops.

Inventory:

Hand Weapons
 a - a +2 dagger of chaos
 C - the +0 trident "Transmigrator" (weapon) {freeze, rC+}
   (You found it on level 7 of the Dungeon)

   It has been specially enchanted to freeze those struck by it, causing extra
   injury to most foes and up to half again as much damage against particularly
   susceptible opponents.
   It can also slow down cold-blooded creatures.
   It protects you from cold.
 H - a +3 dagger of venom
Armour
 v - a +0 helmet (worn)
 B - +1 steam dragon scales (worn)
Jewellery
 d - a ring of protection from magic (left hand)
 h - an uncursed ring of fire
 l - a +4 ring of evasion (right hand)
 q - an uncursed ring of protection from magic
 F - a +6 ring of strength
 G - a cursed ring of attention {unknown}
Wands
 i - a wand of flame (24)
 p - a wand of digging (7)
 u - a wand of paralysis (3)
 y - a wand of polymorph (6)
 A - a wand of iceblast (2)
Scrolls
 b - 2 scrolls of magic mapping
 c - 2 scrolls of blinking {unknown}
 g - a scroll of immolation
 n - a scroll of random uselessness {unknown}
 o - 4 scrolls of teleportation
 r - a scroll of fear
 s - 3 scrolls of enchant armour
 z - a scroll of silence {unknown}
 D - a scroll of fog {unknown}
 I - a scroll of amnesia {unknown}
Potions
 e - a potion of ambrosia
 f - 2 potions of lignification {unknown}
 j - a potion of brilliance
 k - 2 potions of curing {unknown}
 m - a potion of magic
 t - 3 potions of heal wounds
 w - 2 potions of stabbing
 x - 2 potions of flight
 E - 2 potions of might {unknown}


   Skills:
 - Level 3.0 Dodging
 - Level 3.0 Stealth
 + Level 9.8 Spellcasting
 + Level 10.6 Conjurations
 + Level 8.8 Hexes
 + Level 5.0 Necromancy
 + Level 6.7 Translocations


You had 11 spell levels left.
You knew the following spells:

 Your Spells              Type           Power        Failure   Level
a - Magic Dart            Conj           ####         1%          1
b - Searing Ray           Conj           ######       1%          2
c - Dazzling Flash        Conj/Hex       ######       1%          3
d - Fulminant Prism       Conj/Hex       ######....   1%          4
e - Iskenderun's Mystic   Conj/Tloc      ######..     1%          4
f - Vampiric Draining     Necr           #####.....   1%          3

Your spell library contained the following spells:

 Spells                   Type           Power        Failure   Level
 Animate Skeleton         Necr           #####.       1%          1
 Pain                     Necr           ####         1%          1
 Animate Dead             Necr           #####.....   7%          4
 Agony                    Necr           #####...     19%         5


Dungeon Overview and Level Annotations

Branches:
Dungeon (9/15)             Temple (1/1) D:6            Lair (0/6) D:9
 Bailey (visited)
    Orc: D:9-12

Altars:
Ashenzari
Cheibriados
Dithmenos
Elyvilon
Fedhas
Gozag
Hepliaklqana
Kikubaaqudgha
Makhleb
Nemelex Xobeh
Okawaru
Qazlal
Ru
Sif Muna
Trog
Uskayaw
Vehumet
Wu Jian
Xom
Yredelemnul
Zin
The Shining One

Shops:
D:4 !


Message History

Confirm with . or Enter, or press ? or * to list all spells.
Press: ? - help, Dir - move target cursor, p - killer bee You conjure a prism of explosive energy!
A fulminant prism comes into view.
You feel sick. The killer bee completely misses you. The killer bee misses you.
The killer bee stings you. The killer bee misses you.
You feel sick. The killer bee closely misses you. x2
Your fulminant prism crackles loudly.
The killer bee barely misses you. The killer bee stings you!
You are more poisoned.
The killer bee poisons you! The killer bee completely misses you.
The killer bee stings you.
You are more poisoned.
The killer bee poisons you!
Your fulminant prism explodes!
The blast of energy engulfs the killer bee!
You kill the killer bee!
The blast of energy engulfs you!!
Ouch! That really hurt!
You die...

⌠...## .........# #.
.....# ........+.. ._.8.#
.......#.# .....######
........### ⌠...##....#
#.......... ...# ####.#
#...#....## '########.#
##.......... ........#.##
#..#._.#..#
........#..####.@y./...#
........#.>..†..y..#...#
........'....^............
........#######....######.
..##....# #....# ..##....#
#....# ..##....# #....#
..##....### #....#
..........# ....#


You could see 2 killer bees.

Vanquished Creatures
  Pikel (D:5)
  An orc knight (Bailey)
  Maggie (D:6)
  Prince Ribbit (D:8)
  A water moccasin (D:7)
  A black bear (D:8)
  4 ice beasts
  5 orc warriors
  2 sky beasts (D:7)
  2 ogres
  3 centaurs
  7 bullfrogs
  Blork the orc (D:5)
  4 scorpions
  7 killer bees
  A crimson imp (D:7)
  A quasit (D:5)
  A bullfrog skeleton (D:4)
  2 jellies
  10 orc wizards
  A gnoll shaman (D:7)
  6 orc priests
  Crazy Yiuf (D:7)
  A centaur skeleton (D:7)
  2 iguanas
  4 worker ants
  A killer bee zombie (D:5)
  A hound zombie (D:5)
  A howler monkey zombie (D:5)
  A worker ant zombie (D:7)
  4 gnolls
  14 adders
  3 shadow imps
  4 white imps
  An ooze (D:2)
  An adder zombie (D:7)
  2 worms
  A dart slug (D:1)
  7 leopard geckos
  29 orcs
  5 giant cockroaches
  2 gnoll zombies (D:2)
  17 goblins
  7 hobgoblins
  7 jackals
  14 kobolds
  4 quokkas
  4 ball pythons
  5 bats
  3 frilled lizards
  3 quokka zombies
  7 rats
219 creatures vanquished.

Vanquished Creatures (others)
  27 fulminant prisms
27 creatures vanquished.

Grand Total: 246 creatures vanquished

Notes
Turn   | Place    | Note
-------+----------+-------------------------------------------
     0 | D:1      | graki42 the Deep Elf Conjurer began the quest for the Orb.
     0 | D:1      | Reached XP level 1. HP: 10/10 MP: 6/6
   422 | D:1      | Reached XP level 2. HP: 15/15 MP: 1/8
   426 | D:1      | Learned a level 2 spell: Searing Ray
  1252 | D:2      | Reached skill level 5 in Conjurations
  1325 | D:2      | Found a basalt altar of Yredelemnul.
  1407 | D:2      | Reached XP level 3. HP: 19/19 MP: 6/9
  1578 | D:2      | Learned a level 3 spell: Dazzling Flash
  1618 | D:2      | Reached XP level 4. HP: 24/24 MP: 9/12
  1621 | D:2      | Reached skill level 1 in Hexes
  1734 | D:2      | Reached XP level 5. HP: 24/28 MP: 4/13
  1816 | D:2      | Learned a level 4 spell: Fulminant Prism
  1837 | D:2      | Reached skill level 6 in Conjurations
  2545 | D:3      | Reached skill level 5 in Spellcasting
  2545 | D:3      | Reached XP level 6. HP: 32/32 MP: 7/15
  3261 | D:3      | Learned a level 4 spell: Iskenderun's Mystic Blast
  3272 | D:3      | Noticed a +0 dagger
  3272 | D:3      | Noticed a -3 dagger
  3273 | D:3      | Found a hide-covered altar of Uskayaw.
  3873 | D:4      | Found Ofainiul's Distillery.
  3888 | D:4      | Bought a potion of heal wounds for 65 gold pieces
  4134 | D:4      | Found a shattered altar of Ashenzari.
  4257 | D:5      | Entered Level 5 of the Dungeon
  4297 | D:5      | Noticed an ice beast
  4303 | D:5      | Killed an ice beast
  4303 | D:5      | Reached skill level 1 in Translocations
  4513 | D:5      | Reached skill level 7 in Conjurations
  4572 | D:5      | Noticed Pikel
  4577 | D:5      | Killed Pikel
  4577 | D:5      | Reached XP level 7. HP: 36/36 MP: 6/18
  4629 | D:5      | Reached skill level 8 in Conjurations
  4629 | D:5      | Reached skill level 5 in Hexes
  4629 | D:5      | Reached XP level 8. HP: 41/41 MP: 4/19
  4982 | D:5      | Found a bloodstained altar of Trog.
  4987 | D:5      | Found a blossoming altar of Fedhas.
  4987 | D:5      | Found an ancient bone altar of Kikubaaqudgha.
  4987 | D:5      | Found a glowing silver altar of Zin.
  5011 | D:5      | Noticed Blork the orc
  5019 | D:5      | Killed Blork the orc
  5176 | D:4      | Bought a potion of heal wounds for 65 gold pieces
  5430 | D:5      | Found an iron altar of Okawaru.
  5625 | D:6      | Found a staircase to the Ecumenical Temple.
  5634 | Temple   | Entered the Ecumenical Temple
  6061 | D:6      | Reached skill level 9 in Conjurations
  6582 | D:6      | Reached XP level 9. HP: 15/45 MP: 7/22
  6921 | D:6      | Learned a level 3 spell: Vampiric Draining
  7094 | D:6      | Noticed Maggie
  7111 | D:6      | Killed Maggie
  7111 | D:6      | Reached skill level 1 in Necromancy
  7111 | D:6      | Reached skill level 5 in Translocations
  7551 | D:7      | Found a burning altar of Makhleb.
  7560 | D:7      | Found a shimmering altar of Xom.
  7914 | D:7      | Reached skill level 10 in Conjurations
  8161 | D:7      | Got a steaming trident
  8162 | D:7      | Identified the cursed +0 trident "Transmigrator" {freeze,
                  | rC+} (You found it on level 7 of the Dungeon)
  8186 | D:7      | Got an encrusted plate armour
  8197 | D:7      | Identified the +5 plate armour of the Barracuda {*Drain rC+
                  | Str+5} (You found it on level 7 of the Dungeon)
  8286 | D:7      | Found a runed translucent door.
  8287 | D:7      | Noticed Crazy Yiuf
  8292 | D:7      | Killed Crazy Yiuf
  9128 | D:8      | Found a shimmering altar of Xom.
  9209 | D:8      | Found a flagged portal.
  9218 | Bailey   | Entered a bailey
  9413 | Bailey   | Reached XP level 10. HP: 50/50 MP: 20/25
  9441 | Bailey   | Noticed an orc knight
  9456 | Bailey   | Killed an orc knight
  9657 | Bailey   | Found a bloodstained altar of Trog.
  9862 | D:8      | Noticed Prince Ribbit
 10114 | D:8      | Killed Prince Ribbit
 10343 | D:9      | Found an opulent altar of Gozag.
 10343 | D:9      | Found a sparkling altar of Nemelex Xobeh.
 10521 | D:9      | Found a staircase to the Lair.
 10544 | D:9      | Found a radiant altar of Vehumet.
 10602 | D:9      | Reached skill level 5 in Necromancy
 10606 | D:9      | Killed by an exploding fulminant prism

Illustrated notes

Levels and vault maps discovered:
D:1:      lightli_arrival_statuegarden, layout_loops_corners
D:2:      layout_basic, lemuel_zombie_altar_yredelemnul
D:3:      layout_basic, dancing_weapons_uskayaw
D:4:      layout_loops_ring, overflow_temple_1_default, serial_shops,
          shop_fountains, minivault_14
D:5:      layout_basic, grunt_temple_overflow_open, okawaru_altar_gauntlet_db,
          uniq_blork_the_orc, uniq_pikel
D:6:      layout_basic, minmay_temple_entry_hall, uniq_maggie
D:7:      layout_loops_cross, grunt_temple_overflow_champion_of_chaos,
          uniq_crazy_yiuf_cottage
D:8:      layout_basic, enter_bailey_3, brannock_xom_greatest_gift,
          uniq_prince_ribbit1
D:9:      layout_basic, grunt_temple_overflow_opulence, vehumet_altar_wand_db,
          lair_entry_dummy
Temple:   compressed_dpeg_triangle_lava_temple

Skill      XL: |  1  2  3  4  5  6  7  8  9 10 |
---------------+-------------------------------+-----
Conjurations   | 5 6 7 8 9 10 | 10.6
Stealth        | 3 |  3.0
Dodging        | 3 |  3.0
Spellcasting   | 4 5 6 7 9 |  9.8
Hexes          | 1 2 4 5 6 8 |  8.8
Translocations | 2 3 4 6 |  6.7
Necromancy     | 4 5 |  5.0

Action                   |  1- 3 |  4- 6 |  7- 9 | 10-12 || total
-------------------------+-------+-------+-------+-------++-------
Melee: Unarmed           |       |       |     5 |       ||     5
 Cast: Magic Dart        |    46 |    79 |   190 |    37 ||   352
       Searing Ray       |     3 |    15 |    40 |    12 ||    70
       Fulminant Prism   |       |     2 |    14 |    12 ||    28
       Dazzling Flash    |       |       |     5 |     1 ||     6
       Iskenderun's Myst |       |       |     1 |       ||     1
Evoke: Wand              |       |       |     3 |       ||     3
  Use: Scroll            |     1 |     1 |     9 |     1 ||    12
       Potion            |       |       |     1 |     1 ||     2
 Stab: Paralysed         |       |       |     5 |       ||     5
Armor: Steam dragon scal |       |       |    11 |       ||    11
Dodge: Dodged            |       |     6 |    60 |    15 ||    81

Table legend: (Time is in decaauts)
 A = Elapsed time spent in this place.
 B = Non-inter-level travel time spent in this place.
 C = Inter-level travel time spent in this place.
 D = Time resting spent in this place.
 E = Time spent auto-exploring this place.
 F = Levels seen in this place.
 G = Mean time per level.
                   A        B        C        D        E       F      G
               +--------+--------+--------+--------+--------+-----+--------+
         Total |  10600 |  10357 |    243 |   2795 |   6180 |  11 |  963.6 |
       Dungeon |   9868 |   9643 |    225 |   2488 |   5952 |   9 | 1096.4 |
        Temple |    209 |    191 |     18 |      0 |    191 |   1 |  209.0 |
        Bailey |    522 |    522 |      0 |    307 |     37 |   1 |  522.0 |
               +--------+--------+--------+--------+--------+-----+--------+

Top non-repeatable levels by time:
     D:7: 1662 daAuts
     D:6: 1640 daAuts
     D:2: 1396 daAuts
     D:5: 1312 daAuts
     D:3: 1132 daAuts
     D:1: 980 daAuts
     D:4: 795 daAuts
     D:8: 657 daAuts
  Bailey: 522 daAuts
     D:9: 290 daAuts
  Temple: 209 daAuts
